 Dungeon Crawl Stone Soup version 0.27.1-33-g824d729ab1 (webtiles) character file.

Game seed: 14942498317026300397

2 Garessta the Shooter (level 1, -2/20 HPs)
             Began as a Gnoll Wanderer on Dec 10, 2021.
             Slain by a kobold (3 damage)
             ... on level 1 of the Dungeon.
             The game lasted 00:00:14 (77 turns).

Garessta the Shooter (Gnoll Wanderer)                 Turns: 77, Time: 00:00:14

Health: -2/20      AC:  2    Str: 11    XL:     1   Next: 40%
Magic:  1/1        EV:  8    Int: 14    God:
Gold:   0          SH:  7    Dex:  8    Spells: 0/0 levels left

rFire    . . .     SeeInvis .   a - +0 club
rCold    . . .     Faith    .   f - +0 kite shield
rNeg     . . .     Spirit   .   e - +0 robe
rPois    .         Reflect  .   (no helmet)
rElec    .         Harm     .   (no cloak)
rCorr    .         Rampage  .   (no gloves)
Will     .....                  (no boots)
Stlth    +.........             (no amulet)
HPRegen  0.06/turn              (no ring)
MPRegen  0.07/turn              (no ring)

@: no status effects
A: fangs 1, strong nose, distributed training
a: no special abilities


You were on level 1 of the Dungeon.
You visited 1 branch of the dungeon, and saw 1 of its levels.

Inventory:

Hand Weapons
 a - a +0 club (weapon)
 b - a +0 shortbow
Missiles
 c - 23 arrows
Armour
 e - a +0 robe (worn)
 f - a +0 kite shield (worn)
Scrolls
 d - a scroll of teleportation


   Skills:
 + Level 4.4 Fighting
 + Level 0.0 Short Blades
 + Level 0.0 Long Blades
 + Level 0.0 Axes
 + Level 0.0 Maces & Flails
 + Level 0.0 Polearms
 + Level 0.0 Staves
 + Level 0.0 Slings
 + Level 4.4 Bows
 + Level 0.0 Crossbows
 + Level 0.0 Throwing
 + Level 2.3 Armour
 + Level 0.0 Dodging
 + Level 0.0 Stealth
 + Level 2.3 Shields
 + Level 0.0 Unarmed Combat
 + Level 0.0 Spellcasting
 + Level 1.9 Conjurations
 + Level 0.0 Hexes
 + Level 0.0 Summonings
 + Level 0.0 Necromancy
 + Level 0.0 Translocations
 + Level 0.0 Transmutations
 + Level 3.6 Fire Magic
 + Level 0.0 Ice Magic
 + Level 0.0 Air Magic
 + Level 0.0 Earth Magic
 + Level 0.0 Poison Magic
 + Level 0.1 Invocations
 + Level 2.3 Evocations


You couldn't memorise any spells.
You didn't know any spells.
Your spell library was empty.

Dungeon Overview and Level Annotations

Branches:
Dungeon (1/15)

Altars:


Innate Abilities, Weirdness & Mutations

You have very sharp teeth.
Your uncanny sense of smell can sniff out nearby items.
Your experience applies equally to all skills.


Message History

The jackal bites you.
The jackal bites you but does no damage.
You closely miss the jackal.
The jackal is heavily wounded.
You block the jackal's attack.
The jackal bites you but does no damage.
You hit the jackal.
The jackal is severely wounded.
You block the jackal's attack. x2; The jackal bites you.
You closely miss the jackal.
The jackal is severely wounded.
The jackal bites you but does no damage.
You block the jackal's attack.
You hit the jackal.
The jackal is almost dead.
You block the jackal's attack.
The jackal bites you but does no damage.
You hit the jackal.
You kill the jackal!
The kobold throws a stone.
The stone hits you.
* * * LOW HITPOINT WARNING * * *
The kobold barely misses you.
You closely miss the kobold. Your bite misses the kobold.
The kobold hits you with a +0 dagger.
* * * LOW HITPOINT WARNING * * *
The kobold hits you but does no damage.
You are too injured to fight recklessly!
You hit the kobold.
The kobold is moderately wounded.
The kobold hits you with a +0 dagger.
* * * LOW HITPOINT WARNING * * *
You barely miss the kobold.
The kobold is moderately wounded.
The kobold hits you with a +0 dagger.
* * * LOW HITPOINT WARNING * * *
The kobold barely misses you.
You hit the kobold.
The kobold is severely wounded.
The kobold hits you with a +0 dagger.
You die...

###....#########.#..
+...................
∆
###....#########.#..
#.......# #.##.
##.####.# #.##. ##
#.# #.... #.# ####.
#########.# ####.
#†.K@.....# #....
.......#########
#.### ...#### #.# .
#.# #######.###
#.......... ∆
#.#####'###
#.#PPP#.#PP
#.#P⌠P#.#P⌠


You could see a kobold.

Vanquished Creatures
  2 jackals (D:1)
2 creatures vanquished.

Notes
Turn   | Place    | Note
-------+----------+-------------------------------------------
     0 | D:1      | Garessta the Gnoll Wanderer began the quest for the Orb.
     0 | D:1      | Garessta set off with the following items: a +0 club, a +0
                  | shortbow, 23 arrows, a scroll of teleportation, a +0 robe,
                  | a +0 kite shield
     0 | D:1      | Reached XP level 1. HP: 20/20 MP: 1/1
    76 | D:1      | HP: 1/20 [kobold (2)]
    77 | D:1      | Slain by a kobold

Illustrated notes

Levels and vault maps discovered:
D:1:      beargit_arrival_greenhouse, layout_loops_corners,
          basic_ecumenical_altar, minmay_3d_cube

Action                   || total
-------------------------++-------
Melee: Club              ||    15
Armor: Robe              ||     6
Dodge: Dodged            ||     4
Block: Kite shield       ||    11
